Map: Orbital Shipyard

Players

frenki - Winner!

  • Race: Protoss Protoss
  • League: Gold

capac

  • Race: Terran Terran
  • League: Gold

VOD

Have the link to the VOD?

Description

Time

  • Played on: March 6, 2016, 10:39 a.m.
  • Length: 7:27
Show
View Real Time Build Order
Export as new Build Order

frenki Protoss - Winner!

Build Orders:  

Get SALT Encoding   

  12  0:02  Probe (Chrono Boost)  
  13  0:12  Probe (Chrono Boost)  
  14  0:20  Pylon  
  14  0:25  Probe (Chrono Boost)  
  15  0:38  Probe (Chrono Boost)  
  15  0:41  Gateway  
  16  0:46  Assimilator  
  16  0:49  Probe (Chrono Boost)  
  17  1:00  Probe (Chrono Boost)  
  17  1:04  Assimilator  
  18  1:11  Probe (Chrono Boost)  
  19  1:21  Probe (Chrono Boost)  
  20  1:29  Cybernetics Core  
  20  1:32  Probe (Chrono Boost)  
  21  1:38  Pylon  
  21  1:42  Probe (Chrono Boost)  
  22  1:53  Probe (Chrono Boost)  
  23  1:54  Pylon  
  22  2:05  Mothership Core (Chrono Boost)  
  24  2:08  Warp Gate (Chrono Boost)  
  24  2:17  Robotics Facility  
  24  2:28  Twilight Council  
  24  2:45  Gateway  
  24  2:47  Gateway  
  24  2:57  Gateway  
  24  3:08  Warp Prism  
  26  3:18  Resonating Glaives (Chrono Boost)  
  26  3:37  Pylon  
  26  3:45  Pylon  
  26  3:46  Immortal  
  30  4:03  Adept  
  30  4:04  Adept  
  30  4:08  Adept  
  36  4:15  Adept  
  38  4:25  Dark Shrine  
  38  4:26  Observer  
  39  4:47  Pylon  
  39  4:56  Pylon  
  39  5:14  Adept x2  
  39  5:15  Adept x2  
  31  5:45  Dark Templar x2  
  31  5:46  Dark Templar  
  37  6:01  Dark Templar  
  39  7:00  Dark Templar  
  39  7:01  Dark Templar  
Show
View Real Time Build Order
Export as new Build Order

capac Terran 

Build Orders:  

Get SALT Encoding   

  12  0:01  SCV  
  13  0:13  SCV  
  14  0:18  Supply Depot  
  14  0:25  SCV  
  15  0:40  SCV  
  15  0:41  Barracks  
  16  0:47  Refinery  
  16  0:52  SCV  
  17  1:04  SCV  
  18  1:16  SCV  
  19  1:28  SCV  
  20  1:34  Barracks Reactor  
  20  1:39  Command Center  
  20  1:58  Orbital Command  
  20  2:08  Barracks  
  20  2:12  Marine x2  
  22  2:24  Factory  
  22  2:37  SCV  
  22  2:41  Supply Depot  
  23  2:52  SCV  
  24  3:03  Orbital Command  
  24  3:05  SCV  
  24  3:09  Barracks Tech Lab, Factory Tech Lab  
  24  3:14  Marine x2  
  24  3:18  Refinery, SCV  
  27  3:28  Siege Tank  
  27  3:30  Engineering Bay  
  27  3:31  SCV x2  
  32  3:36  Marine x2  
  32  3:37  Marine  
  35  3:52  SCV x2  
  37  3:56  Starport  
  37  3:57  Marine x3  
  40  4:03  Supply Depot  
  40  4:04  SCV x2  
  42  4:16  SCV x2  
  44  4:17  Missile Turret  
  44  4:25  Siege Tank  
  44  4:27  Supply Depot  
  47  4:36  Starport Reactor, Marine  
  47  4:37  Marine x2, Missile Turret  
  50  4:42  SCV x2  
  52  4:51  Missile Turret  
  52  4:55  Marine x3  
  52  4:57  SCV x2  
  57  5:07  Missile Turret  
  50  5:35  Siege Tank  
  52  5:36  Medivac  
  52  5:41  Medivac  
  56  5:43  Marine  
  56  5:44  Marine x2  
  59  5:52  SCV x2  
  59  5:53  Refinery, Missile Turret  
  59  5:56  Command Center  
  61  6:03  Marine  
  62  6:07  Barracks  
  62  6:08  Marine  
  62  6:09  Barracks  
  62  6:10  Supply Depot x2  
  62  6:11  Marine  
  64  6:12  Medivac  
  63  6:27  Missile Turret  
  37  6:59  Marine x2  
  37  7:00  Marine x2  
  39  7:12  Missile Turret  
Tags
 
Add a new tag
Caveats
  • Supply blocks, unpowered buildings, or Contaminate may cause inaccurate times.
  • Supply counts are checked every 10 seconds.